 Dungeon Crawl Stone Soup version 0.28.0 (webtiles) character file.

Game seed: 6156433690901280195

95 Hasart the Covered (level 4, -5/38 HPs)
             Began as a Demigod Fighter on Feb 10, 2022.
             Killed from afar by Natasha (7 damage)
             ... with a magic dart
             ... on level 2 of the Dungeon.
             The game lasted 00:01:47 (1111 turns).

Hasart the Covered (Demigod Fighter)                Turns: 1111, Time: 00:01:48

Health: -5/38      AC:  6    Str: 17    XL:     4   Next: 17%
Magic:  6/6        EV:  9    Int: 10    God:
Gold:   41         SH:  5    Dex: 17    Spells: 3/3 levels left

rFire   . . .      SeeInvis .   a - +0 long sword
rCold   . . .      Faith    .   c - +0 buckler
rNeg    . . .      Spirit   .   b - +0 scale mail
rPois   .          Reflect  .   (no helmet)
rElec   .          Harm     .   (no cloak)
rCorr   .          Rampage  .   (no gloves)
Will    .....                   (no boots)
Stlth   ..........              (no amulet)
HPRegen 0.12/turn               (no ring)
MPRegen 0.10/turn               (no ring)

@: no status effects
A: high MP 1, forlorn, divine attributes
a: no special abilities


You were on level 2 of the Dungeon.
You visited 1 branch of the dungeon, and saw 2 of its levels.

You collected 41 gold pieces.

Inventory:

Hand Weapons
 a - a +0 long sword (weapon)
Armour
 b - a +0 scale mail (worn)
 c - a +0 buckler (worn)
Jewellery
 g - a ring of protection from cold
Scrolls
 e - a scroll of noise {unknown}
 f - a scroll of blinking {unknown}
 h - a scroll of fear {unknown}
 i - a scroll of identify {unknown}
Potions
 d - a potion of might


   Skills:
 + Level 3.1 Fighting
 * Level 2.8 Long Blades
 + Level 3.1 Armour
 + Level 1.2 Dodging
 + Level 3.0 Shields


You had 3 spell levels left.
You didn't know any spells.
Your spell library was empty.

Dungeon Overview and Level Annotations

Branches:
Dungeon (2/15)

Shops:
D:1 =

Annotations:
D:2 Natasha


Innate Abilities, Weirdness & Mutations

You have an increased reservoir of magic. (+10% MP)
You shall have no god before yourself.
Your divine heritage dramatically boosts your attributes as you level up.


Message History

Natasha is severely wounded.
Natasha claws you. You block the frilled lizard's attack. Natasha claws you.
You miss Natasha.
Natasha is severely wounded.
The frilled lizard bites you.
* * * LOW HITPOINT WARNING * * *
Natasha closely misses you.
You closely miss Natasha.
Natasha is severely wounded.
The white imp disappears in a puff of smoke!
The frilled lizard bites you.
* * * LOW HITPOINT WARNING * * *
Natasha barely misses you. The frilled lizard misses you.
You miss Natasha.
Natasha is severely wounded.
Natasha claws you.
* * * LOW HITPOINT WARNING * * *
The frilled lizard bites you but does no damage.
Natasha claws you.
* * * LOW HITPOINT WARNING * * *
You barely miss Natasha.
Natasha is severely wounded.
The iron imp disappears in a puff of smoke!
The frilled lizard bites you but does no damage.
Natasha claws you but does no damage.
Unknown command.
Unknown command.
You hit Natasha.
Natasha is almost dead.
The frilled lizard bites you but does no damage.
You block Natasha's attack. The frilled lizard bites you.
* * * LOW HITPOINT WARNING * * *
Unknown command.
You barely miss Natasha.
Natasha is almost dead.
You block Natasha's attack.
The frilled lizard completely misses you.
Natasha casts a spell at you. The magic dart hits you!
You die...

.. .## .... ...#
##...## .......
###l......
#.@h§.....
###########.###...##
#...).......# .#
#.###########
#.#########
#.........#
#.#######.# #.# #.#
#.# #.#


You could see Natasha and a frilled lizard.

Vanquished Creatures
  Jessica (D:2)
  Natasha (D:2)
  A worm (D:2)
  2 dart slugs (D:1)
  An endoplasm (D:2)
  4 giant cockroaches
  2 goblins
  2 hobgoblins
  4 jackals
  4 quokkas
  6 bats (D:1)
  3 frilled lizards (D:1)
  3 rats
34 creatures vanquished.

Vanquished Creatures (others)
  A fungus (D:2)
1 creature vanquished.

Grand Total: 35 creatures vanquished

Notes
Turn   | Place    | Note
-------+----------+-------------------------------------------
     0 | D:1      | Hasart the Demigod Fighter began the quest for the Orb.
     0 | D:1      | Reached XP level 1. HP: 18/18 MP: 3/3
   105 | D:1      | Found Fishra's One-of-a-Kind Rings.
   221 | D:1      | Reached XP level 2. HP: 23/25 MP: 4/4
   871 | D:2      | Noticed Natasha
   878 | D:2      | Killed Natasha
   879 | D:2      | Reached skill level 1 in Dodging
   879 | D:2      | Reached XP level 3. HP: 26/31 MP: 5/5
   958 | D:2      | Noticed Jessica
   961 | D:2      | Killed Jessica
   962 | D:2      | Reached XP level 4. HP: 33/38 MP: 6/6
  1087 | D:2      | Noticed Natasha
  1110 | D:2      | HP: 1/38 [frilled lizard (3)]
  1111 | D:2      | Killed from afar by Natasha

Illustrated notes

Levels and vault maps discovered:
D:1:      lightli_molten_gateway, layout_basic, nicolae_shop_unique_rings
D:2:      layout_loops_ring, chequers_ecumenical_altar_island,
          minmay_misc_feat_alley, amethyst_killhole, uniq_crazy_yiuf_cottage,
          uniq_natasha, uniq_jessica

Skill      XL: |  1  2 |
---------------+-------+-----
Long Blades    | 2 |  2.8
Fighting       | 3 |  3.1
Armour         | 3 |  3.1
Dodging        | 1 |  1.2
Shields        | 3 |  3.0

Action                   |  1- 3 |  4- 6 || total
-------------------------+-------+-------++-------
Melee: Long sword        |   111 |    33 ||   144
Armor: Scale mail        |    63 |    18 ||    81
Dodge: Dodged            |    59 |    22 ||    81
Block: Buckler           |    31 |    10 ||    41
